 Dungeon Crawl Stone Soup version 0.31-a0-180-g519b7de00c (webtiles) character file.

Game seed: 16600484640841341098

5334 Moral the Protected (level 10, -2/86 HPs)
             Began as a Ghoul Fighter on June 19, 2023.
             Was a Priest of Makhleb.
             Slain by a basilisk (4 damage)
             ... while petrified by a basilisk
             ... on level 9 of the Dungeon.
             The game lasted 00:22:16 (7936 turns).

Moral the Protected (Ghoul Fighter)                 Turns: 7936, Time: 00:22:18

Health: -2/86      AC: 20    Str: 25    XL:     10   Next: 64%
Magic:  0/13       EV:  2    Int:  3    God:    Makhleb [***...]
Gold:   405        SH:  0    Dex:  8    Spells: 9/9 levels left

rFire   . . .        D - +1 dire flail (spect)
rCold   + + +        (shield currently unavailable)
rNeg    + + +        z - +3 plate armour {rC+}
rPois   ∞            (no helmet)
rElec   .            j - +0 cloak
rCorr   .            A - +0 pair of gloves
SInv    .            s - +0 pair of boots
Will    .....        f - amulet of guardian spirit Stlth
                     p - ring of protection from cold
HPRegen 0.00/turn    a - ring of wizardry
MPRegen 0.13/turn

%: guardian spirit, wizardry (x1)
@: petrified, inhibited regen, studying Stealth
A: claws 1, cold resistance 1, negative energy resistance 3, inhibited
regeneration, torment resistance 2, devour on kill
a: Renounce Religion, Minor Destruction, Lesser Servant of Makhleb


You were on level 9 of the Dungeon.
You worshipped Makhleb.
Makhleb was most pleased with you.
You visited 2 branches of the dungeon, and saw 10 of its levels.

You collected 405 gold pieces.

Inventory:

Hand Weapons
 D - a +1 spectral dire flail (weapon)
Armour
 j - a +0 cloak (worn)
 s - a +0 pair of boots (worn)
 t - a +0 tower shield
 z - a +3 plate armour of cold resistance (worn)
 A - a +0 pair of gloves (worn)
Jewellery
 a - a ring of wizardry (right hand)
 f - an amulet of guardian spirit (around neck)
 p - a ring of protection from cold (left hand)
Wands
 c - a wand of digging (3)
 g - a wand of flame (16)
 h - a wand of mindburst (18)
 u - a wand of roots (5)
 y - a wand of charming (15)
Scrolls
 b - 2 scrolls of revelation
 d - 3 scrolls of immolation
 e - 3 scrolls of vulnerability
 r - a scroll of amnesia
 x - a scroll of brand weapon
 C - 3 scrolls of fog
 E - a scroll of blinking
 F - 3 scrolls of fear
 G - a scroll of identify
Potions
 i - a potion of cancellation
 k - 2 potions of resistance {unknown}
 l - 2 potions of enlightenment {unknown}
 m - 2 potions of magic {unknown}
 n - 2 potions of degeneration {unknown}
 o - 3 potions of attraction {unknown}
 q - 2 potions of mutation {unknown}
 v - 2 potions of brilliance {unknown}
 w - 5 potions of curing {unknown}
 B - a potion of heal wounds {unknown}
 H - a potion of might


   Skills:
 + Level 7.5 Fighting
 * Level 8.0 Maces & Flails
 * Level 8.3 Armour
 - Level 5.6 Shields
 + Level 5.7 Invocations


You had 9 spell levels left.
You didn't know any spells.
Your spell library contained the following spells:

 Spells                   Type           Power      Damage    Failure   Level
 Apportation              Tloc           0%         N/A       93%         1
 Necrotise                Necr           0%         1d4       93%         1
 Summon Small Mammal      Summ           0%         N/A       93%         1


Dungeon Overview and Level Annotations

Branches:
Dungeon (9/15)             Temple (1/1) D:4
   Lair: D:8-11         Orc: D:9-12

Altars:
Ashenzari
Cheibriados
Fedhas
Gozag
Kikubaaqudgha
Makhleb
Okawaru
Qazlal
Ru
Sif Muna
Uskayaw
Vehumet
Wu Jian
Xom
Yredelemnul


Innate Abilities, Weirdness & Mutations

You are immune to poison.
You have sharp fingernails.
Your flesh is cold resistant. (rC+)
You are immune to negative energy. (rN+++)
You do not regenerate when monsters are visible.
You are immune to unholy pain and torment.
You thrive by killing the living.


Message History

* * * LOW HITPOINT WARNING * * *
The water moccasin bites you.
* * * LOW HITPOINT WARNING * * *
The wolf bites you but does no damage.
The water moccasin bites you but does no damage.
The wolf bites you but does no damage. The basilisk bites you.
* * * LOW HITPOINT WARNING * * *
The basilisk bites you but does no damage.
The black bear bites you but does no damage.
The black bear claws you but does no damage. x2
The wolf bites you but does no damage.
The water moccasin bites you but does no damage.
The basilisk bites you!
* * * LOW HITPOINT WARNING * * *
The black bear bites you but does no damage.
The black bear barely misses you.
The black bear claws you but does no damage.
The basilisk completely misses you. The wolf bites you but does no damage.
The water moccasin bites you but does no damage.
The wolf bites you.
The water moccasin bites you but does no damage.
The basilisk bites you but does no damage.
The basilisk completely misses you.
The black bear bites you but does no damage.
The black bear claws you but does no damage. x2
The wolf bites you but does no damage.
The water moccasin bites you but does no damage.
The wolf bites you but does no damage. The basilisk bites you.
* * * LOW HITPOINT WARNING * * *
The black bear bites you but does no damage.
The black bear claws you but does no damage. x2
The basilisk bites you but does no damage.
The water moccasin bites you but does no damage.
The wolf bites you but does no damage. The basilisk bites you.
* * * LOW HITPOINT WARNING * * *
The black bear bites you. The black bear claws you.
* * * LOW HITPOINT WARNING * * *
The black bear claws you but does no damage.
The basilisk bites you!
You die...

....+.#...#####.#....#
#####.#...#.$.#.#....#
......#...#.#.#.#....#
......###'#.#.###....#
..........#.#........#
.......####.###......#####
.......# +..#............#
.......# #.....llh.......#
###+##.P.P.....S@........#
..........h.........#
.....P...♣###########
.P....... .P♣. .


You could see 2 basilisks, a water moccasin, a black bear and a wolf.

Vanquished Creatures
  A cyclops (D:7)
  A troll (D:8)
  2 wyverns
  6 yaks (D:7)
  Eustachio (D:6)
  2 steam dragons (D:8)
  Menkaure (D:5)
  2 water moccasins (D:6)
  2 ice beasts
  2 sky beasts
  An orc warrior (D:8)
  2 black bears (D:6)
  A wolf (D:9)
  An ogre (D:4)
  A centaur (D:6)
  2 kobold brigands
  4 bullfrogs
  5 scorpions
  4 wights (D:7)
  11 killer bees
  A howler monkey (D:6)
  A hound (D:6)
  A jelly (D:7)
  2 orc priests
  Ijyb (D:4)
  Terence (D:2)
  4 orc wizards
  2 sleepcaps (D:6)
  2 iguanas
  6 adders
  3 white imps
  3 ufetubi
  A worm (D:4)
  34 orcs
  5 ball pythons
  9 endoplasms
  6 giant cockroaches
  10 goblins
  7 hobgoblins
  9 quokkas
  2 bats (D:1)
  A frilled lizard (D:1)
  17 kobolds
  3 rats
183 creatures vanquished.

Vanquished Creatures (others)
  A spectral weapon (D:9)
1 creature vanquished.

Grand Total: 184 creatures vanquished

Notes
Turn   | Place    | Note
-------+----------+-------------------------------------------
     0 | D:1      | Moral the Ghoul Fighter began the quest for the Orb.
     0 | D:1      | Reached XP level 1. HP: 19/19 MP: 0/0
   235 | D:1      | Reached XP level 2. HP: 25/26 MP: 1/1
   287 | D:1      | Found a faded altar of an unknown god.
   452 | D:1      | Reached XP level 3. HP: 27/31 MP: 2/2
   828 | D:2      | Noticed Terence
   840 | D:2      | Killed Terence
   946 | D:2      | Reached XP level 4. HP: 40/40 MP: 3/3
  1733 | D:3      | HP: 2/40 [orc/+0 trident (5)]
  1943 | D:3      | Noticed a kobold brigand
  2067 | D:3      | Killed a kobold brigand
  2068 | D:3      | Reached XP level 5. HP: 19/46 MP: 4/4
  2909 | D:4      | Found a staircase to the Ecumenical Temple.
  2921 | D:4      | Reached XP level 6. HP: 50/52 MP: 5/5
  2947 | Temple   | Entered the Ecumenical Temple
  3068 | Temple   | Became a worshipper of Makhleb the Destroyer
  3193 | D:4      | Noticed Ijyb
  3210 | D:4      | Killed Ijyb
  3791 | D:4      | Reached XP level 7. HP: 52/60 MP: 4/6
  3957 | D:4      | Reached skill level 1 in Invocations
  4115 | D:4      | You fall into a shaft and drop 3 floors!
  4294 | D:7      | Reached skill level 5 in Armour
  4580 | D:7      | Reached skill level 5 in Fighting
  4580 | D:7      | Reached XP level 8. HP: 65/68 MP: 6/8
  4738 | D:7      | Noticed a cyclops
  4798 | D:6      | Noticed Eustachio
  4814 | D:6      | Killed Eustachio
  4814 | D:6      | Reached * piety under Makhleb
  4815 | D:6      | Reached skill level 5 in Maces & Flails
  5219 | D:6      | Reached XP level 9. HP: 75/75 MP: 10/10
  5249 | D:6      | Found a radiant altar of Vehumet.
  5259 | D:6      | Found a sacrificial altar of Ru.
  5905 | D:5      | Entered Level 5 of the Dungeon
  6128 | D:5      | Noticed Menkaure
  6135 | D:5      | Killed Menkaure
  6135 | D:5      | Reached ** piety under Makhleb
  6136 | D:5      | Reached skill level 5 in Shields
  6716 | D:7      | Killed a cyclops
  6822 | D:7      | Reached XP level 10. HP: 77/84 MP: 12/12
  6836 | D:7      | Reached skill level 5 in Invocations
  7344 | D:8      | Reached *** piety under Makhleb
  7768 | D:8      | Found a snail-covered altar of Cheibriados.
  7936 | D:9      | HP: 3/86 [basilisk (2)]
  7936 | D:9      | Slain by a basilisk

Illustrated notes

Levels and vault maps discovered:
D:1:      saegor_arrival_fortress, layout_loops_ring,
          shapermc_ecumenical_altar_pompeii
D:2:      layout_loops_cross, st_stairs_1, uniq_terence
D:3:      cheibrodos_thug_alley, layout_basic, grunt_decor_junction
D:4:      layout_loops_ring, minmay_temple_entry_statues_fountains,
          lightli_corner_chamber, uniq_ijyb
D:5:      layout_rooms, uniq_menkaure
D:6:      layout_loops_ring, mainiacjoe_overflow_swirl, gup_sewer_entry_pipe,
          minmay_manual_mess, uniq_eustachio
D:7:      layout_loops_ring, mainiacjoe_overflow_paths, minmay_small_thing
D:8:      layout_cave_pools, cheibriados_altar_1, dk_noncrumbling_3
D:9:      layout_irregular_city, zin_academy, nicolae_hepliaklqana_hippocampus,
          minmay_lair_entry_grove, serial_co_window_serial,
          co_window_of_opportunity_a, co_window_paths_a,
          co_window_of_opportunity_a, co_window_paths_b, co_window_corner_a,
          co_window_of_opportunity_a, co_window_paths_a,
          co_window_of_opportunity_b, co_window_2corner, co_window_2corner,
          co_window_paths_e
Temple:   hellmonk_temple_forest_ring

Skill      XL: |  1  2  3  4  5  6  7  8  9 10 |
---------------+-------------------------------+-----
Maces & Flails | 2 3 4 5 7 8 |  8.0
Armour         | 3 4 5 6 7 8 |  8.3
Shields        | 3 4 5 |  5.6
Fighting       | 4 5 6 7 |  7.5
Invocations    | 2 3 4 5 |  5.7

Action                     |  1- 3 |  4- 6 |  7- 9 | 10-12 || total
---------------------------+-------+-------+-------+-------++-------
  Melee: Flail             |    98 |   205 |    55 |       ||   358
         Dire flail        |       |       |   193 |   121 ||   314
    Use: Scroll            |       |     7 |     7 |     4 ||    18
         Potion            |       |     2 |     2 |       ||     4
   Stab: Distracted        |       |       |       |     2 ||     2
 Armour: Scale mail        |    32 |       |       |       ||    32
         Ring mail         |    11 |    95 |       |       ||   106
         Plate armour      |       |     3 |   209 |   216 ||   428
  Dodge: Dodged            |    50 |   106 |    87 |    97 ||   340
  Block: Buckler           |    17 |    48 |     6 |       ||    71

Table legend: (Time is in decaauts)
 A = Elapsed time spent in this place.
 B = Non-inter-level travel time spent in this place.
 C = Inter-level travel time spent in this place.
 D = Time resting spent in this place.
 E = Time spent auto-exploring this place.
 F = Levels seen in this place.
 G = Mean time per level.
                   A        B        C        D        E       F      G
               +--------+--------+--------+--------+--------+-----+--------+
         Total |   8009 |   7552 |    457 |    883 |   4854 |  10 |  800.9 |
       Dungeon |   7833 |   7386 |    447 |    883 |   4705 |   9 |  870.3 |
        Temple |    176 |    166 |     10 |      0 |    149 |   1 |  176.0 |
               +--------+--------+--------+--------+--------+-----+--------+

Top non-repeatable levels by time:
     D:3: 1780 daAuts
     D:7: 1439 daAuts
     D:4: 1026 daAuts
     D:6: 961 daAuts
     D:1: 797 daAuts
     D:2: 644 daAuts
     D:8: 553 daAuts
     D:5: 546 daAuts
  Temple: 176 daAuts
     D:9: 84 daAuts
